 Dungeon Crawl Stone Soup version 0.22.0-27-ga576289601 (webtiles) character file.

124 Kniotic the Insei (level 4, -3/35 HPs)
             Began as a Demonspawn Monk on Aug 21, 2018.
             Slain by a gnoll
             ... wielding a +0 whip
              (5 damage)
             ... on level 3 of the Dungeon.
             The game lasted 00:02:05 (2917 turns).

Kniotic the Insei (Demonspawn Monk)                 Turns: 2917, Time: 00:02:06

Health: -3/35      AC:  4    Str: 13    XL:     4   Next: 81%
Magic:  4/4        EV: 13    Int: 11    God:
Gold:   90         SH:  0    Dex: 15    Spells: 3/3 levels left

rFire    . . .     SeeInvis .     - Unarmed
rCold    . . .     Gourm    .   (no shield)
rNeg     . . .     Faith    .   a - +0 robe
rPois    .         Spirit   .   (no helmet)
rElec    .         Reflect  .   (no cloak)
rCorr    .         Harm     .   (no gloves)
MR       .....                  (no boots)
Stlth    ++........             (no amulet)
HPRegen  0.11/turn              (no ring)
MPRegen  0.09/turn              (no ring)

@: no status effects
A: slimy green scales 1, spiny 1
a: no special abilities


You were on level 3 of the Dungeon.
You were not hungry.

You visited 1 branch of the dungeon, and saw 3 of its levels.

You collected 90 gold pieces.

Inventory:

Armour
 a - a +0 robe (worn)
Scrolls
 d - 2 scrolls of enchant armour {unknown}
 g - 4 scrolls of identify {unknown}
 h - a scroll of remove curse {unknown}
Potions
 c - 4 potions of curing {unknown}
 e - a potion of heal wounds {unknown}
 i - 2 potions of flight {unknown}
 j - 2 potions of agility {unknown}
Comestibles
 b - 2 rations


   Skills:
 - Level 3.0 Fighting
 - Level 2.6 Dodging
 - Level 1.7 Stealth
 + Level 5.1 Unarmed Combat


You had 3 spell levels left.
You didn't know any spells.
Your spell library was empty.

Dungeon Overview and Level Annotations

Branches:
Dungeon (3/15)

Altars:


Innate Abilities, Weirdness & Mutations

You are partially covered in slimy green scales. (AC +2)
You are partially covered in sharp spines.


Message History

The gnoll is moderately wounded.
The gnoll barely misses you. The gnoll is struck by your spines.
The gnoll barely misses you.
You hit the gnoll.
The gnoll is almost dead.
The gnoll hits you but does no damage. The gnoll is struck by your spines.
You kill the gnoll!
The gnoll hits you with a spear.
Things that are here:
a spear; a gnoll corpse You hit the gnoll but do no damage.
You barely miss the gnoll. The gnoll hits you with a spear.
You punch the gnoll!
The gnoll is severely wounded.
The gnoll hits you with a whip. The gnoll hits you with a spear!
* * * LOW HITPOINT WARNING * * *
You hit the gnoll.
The gnoll is lightly wounded.
The gnoll is struck by your spines. The gnoll hits you with a whip.
You die...

#.#.#.#.### #.#.#....# ...
..........# #......#.###...#.
....#.#...# #.#.#.##.....# #
.......g..# ##.....##.##..# #
........g.# #...###>.#######
# ..........##
#.####.........# #
...........###.############.#
#
#.########...gg.##..##....#.#
# # #####@..>.##.....#.###
######.....#......#....
##..)<....#........#####
##..####.#.........###...
##..## #.#..###.#.....###
###..######....#.....###....
#...........#....#.####..###
#.....#####....##..# ##.## #
#....##....()#....####..# #


You could see 2 gnolls.

Vanquished Creatures
  2 gnolls (D:3)
  5 adders
  2 leopard geckos (D:3)
  2 orcs (D:3)
  A bat (D:3)
  A giant cockroach (D:3)
  7 goblins
  5 hobgoblins
  15 jackals
  2 quokkas
  A ball python (D:2)
  3 frilled lizards
  2 kobolds (D:3)
  5 rats
53 creatures vanquished.

Notes
Turn   | Place    | Note
-------+----------+-------------------------------------------
     0 | D:1      | Kniotic the Demonspawn Monk began the quest for the Orb.
     0 | D:1      | Reached XP level 1. HP: 18/18 MP: 1/1
   323 | D:1      | Reached skill level 3 in Unarmed Combat
   806 | D:1      | Gained mutation: You are partially covered in sharp spines. [demonic ancestry]
   806 | D:1      | Reached XP level 2. HP: 8/24 MP: 2/2
  1669 | D:2      | Reached XP level 3. HP: 26/29 MP: 3/3
  1827 | D:2      | Reached skill level 4 in Unarmed Combat
  2326 | D:3      | Gained mutation: You are partially covered in slimy green scales. (AC +2) [demonic ancestry]
  2326 | D:3      | Reached XP level 4. HP: 35/35 MP: 4/4
  2909 | D:3      | Reached skill level 5 in Unarmed Combat
  2917 | D:3      | Slain by a gnoll

Skill      XL: |  1  2  3  4 |
---------------+-------------+-----
Unarmed Combat | 3 4 5 |  5.1
Fighting       | |  3.0
Dodging        | |  2.6
Stealth        | |  1.7

Action                   |  1- 3 |  4- 6 || total
-------------------------+-------+-------++-------
Melee: Unarmed           |    95 |    43 ||   138
       Punch             |     2 |       ||     2
 Stab: Sleeping          |     4 |     1 ||     5
  Eat: Chunk             |     4 |     2 ||     6
Armor: Robe              |     7 |     8 ||    15
Dodge: Dodged            |    55 |    32 ||    87
